AoeStats
← M0rdux

Black Forest

510126180Analyzed
4v4 RM · 3d ago on Sep 29, 2026· 40m 15s· 8 players
Game mode
Random Map
Map size
Large (8 player)
Population
200
Speed
Normal
Resources
Standard
Victory
Conquest
Starting age
Dark Age
Ending age
Imperial Age
RankedLock teamsTeams togetherTeam positionsShared explorationLock speedFull tech treeHidden civsTurbo modeCheats
Victory
Defeat
🇫🇮 Bengalis · Finland
1037
+12
🇵🇱 Varangians · Poland
1026
+12
🇩🇪 Lithuanians · Germany
1020
+12
🇨🇭 Varangians · Switzerland
990
+13
🇳🇮 Bulgarians · Nicaragua
992
-14
🇯🇵 Franks · Japan
923
-12
🇩🇪 Japanese · Germany
917
-12
🇨🇱 Turks · Chile
912
-11
averagewade
9:52 Feudal Age
16:10 Castle Age
14:12 Double-Bit Axe
14:52 Horse Collar
17:12 Wheelbarrow
22:19 Heavy Plow
22:32 Bow Saw
22:13 Stone Mining
28:20 Imperial Age
25:48 Gold Mining
25:57 Fletching
26:12 Padded Archer Armor
26:48 Hand Cart
27:57 Ballistics
27:35 Bodkin Arrow
27:55 Leather Archer Armor
28:21 Husbandry
28:34 Bloodlines
30:16 Two-Man Saw
31:55 Chemistry
31:13 Elite Elephant Archer
33:10 Gold Shaft Mining
32:38 Bracer
33:10 Ring Archer Armor
32:50 Town Watch
40:49 Conscription
M0rdux
1:31 Loom
12:35 Feudal Age
13:08 Double-Bit Axe
13:05 Horse Collar
20:59 Castle Age
19:27 Arson
19:42 Gold Mining
19:45 Stone Mining
20:58 Bloodlines
23:13 Heavy Plow
23:43 Bow Saw
28:36 Imperial Age
27:20 Husbandry
28:57 Wheelbarrow
29:42 Conscription
31:17 Chemistry
31:11 Murder Holes
31:29 Fortified Wall
31:17 Murder Holes
31:18 Town Watch
31:57 Bloodlines
32:31 Scale Barding Armor
32:38 Forging
33:02 Crop Rotation
33:31 Ballistics
34:01 Hand Cart
34:31 Masonry
34:05 Treadmill Crane
34:37 Masonry
34:31 Town Patrol
35:45 Vendel Legacy
37:58 Elite Jarl
39:03 Chain Barding Armor
39:19 Iron Casting
Revenge
10:27 Feudal Age
15:04 Castle Age
13:19 Double-Bit Axe
17:09 Loom
18:03 Wheelbarrow
18:30 Horse Collar
21:31 Heavy Plow
23:58 Bow Saw
23:58 Scale Barding Armor
25:09 Forging
26:45 Hand Cart
31:10 Imperial Age
29:14 Husbandry
29:29 Bloodlines
29:46 Scale Mail Armor
30:09 Chain Barding Armor
30:25 Iron Casting
29:40 Fletching
32:59 Chemistry
32:49 Plate Barding Armor
35:46 Elite Leitis
38:51 Town Watch
39:04 Bodkin Arrow
39:10 Padded Archer Armor
orb.blue
0:28 Loom
13:27 Feudal Age
14:29 Double-Bit Axe
17:27 Castle Age
15:24 Horse Collar
18:32 Wheelbarrow
18:23 Bow Saw
21:17 Arson
23:28 Forging
25:33 Iron Casting
25:05 Scale Barding Armor
27:06 Heavy Plow
27:28 Stone Mining
28:07 Gold Mining
29:12 Stone Shaft Mining
30:01 Chain Barding Armor
33:33 Imperial Age
31:19 Hand Cart
32:39 Bloodlines
32:30 Husbandry
33:58 Elite Jarl
35:34 Conscription
36:03 Crop Rotation
37:04 Blast Furnace
36:50 Plate Barding Armor
37:07 Caravan
37:04 Gothikon
38:02 Elite Varangian Guard
38:43 Squires
38:55 Scale Mail Armor
40:15 Two-Man Saw
40:06 Chain Mail Armor
41:18 Plate Mail Armor
Moises199124
5:15 Loom
11:22 Feudal Age
12:02 Double-Bit Axe
11:58 Horse Collar
12:11 Gold Mining
20:16 Castle Age
18:27 Stone Mining
20:47 Wheelbarrow
22:24 Bow Saw
24:32 Hand Cart
24:50 Caravan
24:53 Padded Archer Armor
24:43 Fletching
26:07 Heavy Plow
32:25 Imperial Age
30:04 Fletching
30:30 Leather Archer Armor
31:00 Ballistics
30:21 Treadmill Crane
30:41 Crossbowman
32:03 Fortified Wall
31:49 Murder Holes
34:58 Parthian Tactics
33:53 Heavy Cavalry Archer
36:47 Sipahi
37:01 Bloodlines
39:01 Bodkin Arrow
39:21 Leather Archer Armor
39:17 Forging
39:07 Scale Mail Armor
39:12 Scale Barding Armor
38:57 Heavy Scorpion
nuravhtradev
0:28 Loom
12:27 Feudal Age
12:58 Double-Bit Axe
12:54 Horse Collar
22:19 Castle Age
20:25 Stone Mining
20:28 Gold Mining
20:33 Fletching
23:14 Bow Saw
24:26 Bodkin Arrow
28:18 Heavy Plow
33:39 Imperial Age
31:47 Wheelbarrow
30:44 Elite Skirmisher
32:45 Pikeman
34:48 Kataparuto
35:46 Forging
36:30 Squires
Nic94-Necrophos-Papo
0:32 Loom
13:05 Feudal Age
13:43 Double-Bit Axe
13:41 Horse Collar
21:31 Castle Age
20:14 Arson
22:32 Gambesons
24:00 Scale Mail Armor
26:45 Wheelbarrow
27:34 Forging
27:31 Town Watch
28:05 Heavy Plow
30:24 Pikeman
34:59 Hand Cart
37:58 Chain Mail Armor
37:36 Fletching
店長
2:10 Loom
12:15 Feudal Age
22:20 Castle Age
20:41 Scale Barding Armor
20:46 Forging
20:43 Double-Bit Axe
21:52 Fletching
22:00 Stone Mining
24:51 Wheelbarrow
25:19 Husbandry
27:40 Hand Cart
35:07 Imperial Age
32:45 Town Watch
32:53 Gold Mining
33:38 Bow Saw
34:28 Gold Shaft Mining
34:39 Chain Barding Armor
34:27 Light Cavalry
36:10 Cavalier
37:29 Plate Barding Armor
37:31 Iron Casting
37:53 Paladin
Connection lost

Rejoining the realm…

Still unreachable

The connection could not be restored.

Session expired

The server has moved on; the page needs a fresh start.